 Dungeon Crawl Stone Soup version 0.23.2-11-gf996548c65 (webtiles) character file.

Game seed: 5578376347477915447

252 Nattfarinn the Skirmisher (level 5, -9/50 HPs)
             Began as a Minotaur Fighter on June 2, 2019.
             Mangled by an ogre
             ... wielding a +0 giant club
              (17 damage)
             ... on level 4 of the Dungeon.
             The game lasted 00:03:27 (2746 turns).

Nattfarinn the Skirmisher (Minotaur Fighter)        Turns: 2746, Time: 00:03:28

Health: -9/50      AC: 10    Str: 21    XL:     5   Next: 89%
Magic:  4/4        EV:  7    Int:  5    God:
Gold:   187        SH:  9    Dex: 10    Spells: 4/4 levels left

rFire    . . .     SeeInvis .   a - +0 flail
rCold    . . .     Gourm    .   c - +0 shield
rNeg     . . .     Faith    .   b - +0 scale mail
rPois    .         Spirit   .   (helmet restricted)
rElec    .         Reflect  .   (no cloak)
rCorr    .         Harm     .   h - +0 pair of gloves
MR       .....                  p - +1 pair of boots
Stlth    ..........             (no amulet)
HPRegen  0.16/turn              (no ring)
MPRegen  0.09/turn              (no ring)

@: no status effects
A: retaliatory headbutt, horns 2
a: no special abilities


You were on level 4 of the Dungeon.
You were not hungry.

You visited 1 branch of the dungeon, and saw 4 of its levels.

You collected 187 gold pieces.

Inventory:

Hand Weapons
 a - a +0 flail (weapon)
Armour
 b - a +0 scale mail (worn)
 c - a +0 shield (worn)
 h - a +0 pair of gloves (worn)
 p - a +1 pair of boots (worn)
Jewellery
 g - a cursed ring of attention {unknown}
Scrolls
 e - 2 scrolls of teleportation {unknown}
 k - 6 scrolls of identify {unknown}
 l - 2 scrolls of remove curse {unknown}
 m - a scroll of enchant armour {unknown}
 o - a scroll of fear {unknown}
Potions
 d - 2 potions of might
 i - a potion of degeneration {unknown}
 j - 4 potions of curing {unknown}
 q - a potion of brilliance {unknown}
Comestibles
 f - 3 rations
 n - 4 chunks of flesh


   Skills:
 * Level 5.7 Fighting
 + Level 4.0 Maces & Flails
 + Level 4.8 Armour
 + Level 4.8 Shields


You had 4 spell levels left.
You didn't know any spells.
Your spell library was empty.

Dungeon Overview and Level Annotations

Branches:
Dungeon (4/15)
 Temple: D:4-7

Altars:
Makhleb
Nemelex Xobeh
Zin

Shops:
D:4 *


Innate Abilities, Weirdness & Mutations

You reflexively headbutt those who attack you in melee.
You have a pair of horns on your head.


Message History

You hit the ogre.
The ogre is moderately wounded.
The ogre hits you with a +0 giant club!!
* * * LOW HITPOINT WARNING * * *
You are too injured to fight recklessly!
You are too injured to fight recklessly!
You are too injured to fight recklessly!
You are too injured to fight recklessly!
You are too injured to fight recklessly!
You are too injured to fight recklessly!
You are too injured to fight recklessly!
You are too injured to fight recklessly!
You are too injured to fight recklessly!
You are too injured to fight recklessly!
You are too injured to fight recklessly!
You are too injured to fight recklessly!
You hit the ogre but do no damage.
The ogre is moderately wounded.
The ogre hits you with a +0 giant club!
You die...

## #. #####. ......#
....... 8.8.8..
.⌠.⌠%..#################
8.∩.8.O@.........<......
.⌠.⌠...............#####
8.8.8...######..####
$........ #...##
......... #....#
.......#.# #....#
......# .. #>..## ......
#. #..## ####


You could see an ogre.

Vanquished Creatures
  A scorpion (D:4)
  A howler monkey (D:4)
  2 adders (D:3)
  6 gnolls
  4 worms
  3 dart slugs
  A leopard gecko (D:2)
  3 orcs (D:4)
  5 giant cockroaches
  6 goblins
  6 hobgoblins
  4 jackals (D:3)
  2 ball pythons (D:3)
  6 bats
  5 frilled lizards
  8 kobolds
  11 rats
74 creatures vanquished.

Notes
Turn   | Place    | Note
-------+----------+-------------------------------------------
     0 | D:1      | Nattfarinn the Minotaur Fighter began the quest for the
                  | Orb.
     0 | D:1      | Reached XP level 1. HP: 19/19 MP: 0/0
   118 | D:1      | Found a sparkling altar of Nemelex Xobeh.
   189 | D:1      | Reached XP level 2. HP: 27/27 MP: 1/1
   191 | D:1      | Reached skill level 4 in Fighting
   769 | D:2      | Reached XP level 3. HP: 33/33 MP: 2/2
  1079 | D:2      | Found a burning altar of Makhleb.
  1081 | D:2      | Found a glowing silver altar of Zin.
  1081 | D:2      | Noticed an angel
  1082 | D:2      | Noticed an Executioner
  1255 | D:2      | Reached XP level 4. HP: 17/41 MP: 3/3
  1670 | D:3      | Reached skill level 5 in Fighting
  2012 | D:3      | Reached XP level 5. HP: 48/48 MP: 4/4
  2738 | D:4      | Found Guqugar's Assorted Antiques.
  2740 | D:4      | Noticed an ogre
  2746 | D:4      | Mangled by an ogre

Skill      XL: |  1  2  3  4  5 |
---------------+----------------+-----
Fighting       | 4 5 |  5.7
Armour         | 4 |  4.8
Shields        | 4 |  4.8
Maces & Flails | 3 4 |  4.0

Action                   |  1- 3 |  4- 6 || total
-------------------------+-------+-------++-------
Melee: Flail             |   106 |    92 ||   198
       Headbutt          |    14 |    12 ||    26
  Eat: Chunk             |     1 |     5 ||     6
Armor: Scale mail        |    44 |    36 ||    80
Dodge: Dodged            |    36 |    25 ||    61
Block: Shield            |    52 |    38 ||    90
